 Dungeon Crawl Stone Soup version 0.32-a0-871-ge202e49faa (webtiles) character file.

Game seed: 14120603968930850316

2741 porpoise the Skirmisher (level 9, 0/96 HPs)
             Began as a Human Hunter on Mar 30, 2024.
             Was a Believer of Hepliaklqana.
             Slain by a spriggan
             ... wielding a +0 trident
              (10 damage)
             ... in a bailey.
             The game lasted 00:13:30 (4901 turns).

porpoise the Skirmisher (Human Hunter)              Turns: 4901, Time: 00:13:32

Health: 0/96       AC: 28    Str: 12    XL:     9   Next: 68%
Magic:  9/9        EV:  2    Int: 10    God:    Hepliaklqana [**....]
Gold:   189        SH:  0    Dex: 20    Spells: 8/8 levels left

rFire   . . .        a - +0 shortbow
rCold   . . .        (shield currently unavailable)
rNeg    . . .        c - melded +0 leather armour
rPois   +            (helmet currently unavailable)
rElec   .            (cloak currently unavailable)
rCorr   .            H - melded +2 pair of gloves
SInv    .            j - melded +1 pair of boots
Will    .....        g - amulet of regeneration
Stlth   ++           D - +4 ring of protection
HPRegen 1.16/turn    (no ring)
MPRegen 0.11/turn

%: no passive effects
@: tree-form
A: stationary, stasis, torment immunity, boosted hp, reduced essence, explore
regen
a: Renounce Religion, Recall Ancestor, Ancestor Identity


You were in a bailey.
You worshipped Hepliaklqana.
Hepliaklqana was pleased with you.
You were a tree.
You visited 2 branches of the dungeon, and saw 8 of its levels.
You also visited: Bailey.

You collected 303 gold pieces.
You spent 114 gold pieces at shops.

Inventory:

Hand Weapons
 a - a +0 shortbow (weapon)
 b - the +9 halberd "Cishosk" {flame, Will+ Str+2}
   (You found it on level 7 of the Dungeon)

   Str+2:     It affects your strength (+2).
   Will+:     It increases your willpower.
 L - the +8 dagger of the Spinneret {flame, +Blink Fly Str-2 Int+5}
   (You found it on level 6 of the Dungeon)

   Str-2:     It affects your strength (-2).
   Int+5:     It affects your intelligence (+5).
   Fly:       It grants you flight.
   +Blink:    It lets you blink.
 M - a +0 dagger of venom
Missiles
 e - 11 javelins
 k - 10 poisoned darts
 m - 6 boomerangs
 y - a throwing net
 I - 3 atropa-tipped darts
Armour
 c - a +0 leather armour (melded)
 j - a +1 pair of boots (melded)
 p - the +1 Delatra's gloves {ID++}
   (You found it on level 2 of the Dungeon)

   ID++:      It heals its wearer when they drink unknown potions, and restores
   their MP when they read unknown scrolls.
 A - a +0 ring mail
 G - +0 ice dragon scales
 H - a +2 pair of gloves (melded)
Jewellery
 g - an amulet of regeneration (around neck)
 h - a ring of ice
 D - a +4 ring of protection (left branch)
Wands
 E - a wand of polymorph (15)
Scrolls
 d - a scroll of noise {unknown}
 f - 2 scrolls of teleportation
 i - a scroll of butterflies
 l - 2 scrolls of blinking {unknown}
 u - a scroll of fog
 x - a scroll of silence {unknown}
 z - a scroll of immolation {unknown}
 B - a scroll of enchant weapon {unknown}
 J - a scroll of enchant armour {unknown}
 K - a scroll of revelation {unknown}
Potions
 n - a potion of degeneration {unknown}
 o - 3 potions of mutation
 q - a potion of cancellation {unknown}
 r - a potion of invisibility {unknown}
 s - 3 potions of haste
 t - a potion of brilliance {unknown}
 v - 2 potions of enlightenment
 w - a potion of heal wounds {unknown}
 C - a potion of curing {unknown}
 F - a potion of lignification


   Skills:
 - Level 7.0 Fighting
 * Level 11.8 Ranged Weapons
 - Level 2.0 Dodging
 - Level 1.0 Stealth


You had 8 spell levels left.
You didn't know any spells.
Your spell library contained the following spells:

 Spells                   Type           Power      Damage    Failure   Level
 Apportation              Tloc           0%         N/A       36%         1
 Freeze                   Ice            0%         1d3       36%         1
 Necrotise                Necr           0%         1d4       36%         1
 Sting                    Conj/Alch      0%         1d3       36%         1
 Summon Small Mammal      Summ           0%         N/A       36%         1
 Inner Flame              Hex/Fire       0%         N/A       75%         3
 Irradiate                Conj/Alch      0%         3d11      100%        5
 Summon Mana Viper        Hex/Summ       0%         N/A       100%        5
 Discord                  Hex            0%         N/A       100%        8
 Ignition                 Fire           0%         3d3       100%        8


Dungeon Overview and Level Annotations

Branches:
Dungeon (7/15)             Temple (1/1) D:4          Bailey (1/1)

Altars:
Ashenzari
Cheibriados
Dithmenos
Fedhas
Gozag
Hepliaklqana
Kikubaaqudgha
Makhleb
Okawaru
Qazlal
Ru
Sif Muna
Uskayaw
Vehumet
Wu Jian
Xom
Yredelemnul
Zin
The Shining One

Shops:
D:3 *

Annotations:
Temple 2 transporters


Innate Abilities, Weirdness & Mutations

You are a tree.
Your roots penetrate the ground, keeping you stationary.
You cannot be teleported.
You are immune to unholy pain and torment.
Your maximum health is greatly increased.
Your equipment is partially melded.
Your life essence is reduced to manifest your ancestor. (-10% HP)
You regain HP and MP as you explore.


Message History

Your +1 pair of boots melds into your body.
Your +0 leather armour melds into your body.
Your roots penetrate the ground.
Nikki blocks the spriggan's attack.
The steam dragon bites you but does no damage.
The steam dragon claws you but does no damage.
Nikki completely misses the spriggan.
The spriggan hits Nikki with a +0 trident!
You shoot an arrow.
The arrow closely misses the steam dragon.
Nikki blocks the spriggan's attack.
The steam dragon breathes steam at you.
The ball of steam hits you but does no damage.
You shoot an arrow.
The arrow completely misses the steam dragon.
The arrow hits the spriggan.
The spriggan is moderately wounded.
You are engulfed in a cloud of scalding steam.
* * * LOW HITPOINT WARNING * * *
Nikki barely misses the spriggan.
The spriggan barely misses Nikki.
The spriggan hits you from afar with a +0 trident.
* * * LOW HITPOINT WARNING * * *
The steam dragon bites you but does no damage.
The steam dragon claws you but does no damage.
You shoot an arrow.
The arrow barely misses the steam dragon.
The arrow hits the spriggan!
The spriggan is heavily wounded.
You are engulfed in a cloud of scalding steam.
The spriggan hits you but does no damage.
The spriggan barely misses Nikki.
The steam dragon completely misses you.
The steam dragon claws you but does no damage.
Nikki closely misses the spriggan.
You shoot an arrow.
The arrow hits the steam dragon but does no damage.
The steam dragon is lightly wounded.
You are engulfed in a cloud of scalding steam.
* * * LOW HITPOINT WARNING * * *
The spriggan hits you from afar with a +0 trident!
You die...
Hepliaklqana delivers you to your ancestors.

#.....# ##..♣# ..#♣..##
#.....###..#♣. ..#...#
...∩..~~~..#.. ♣.#...#
......~~~..#.. ♣.#~..#
......~~~..#.. ♣.))..#
......~~~..♣.. ♣.#~..#
...∩..~~~..#.i♣♣ ♣♣.#.))#
#.....###..♣#.R♣♣#♣♣..#)..#
#.....# ##..#♣iD♣§.§.##..##
##...## ##..♣♣§...§##..##
##.## ##..♣###♣♣#..## ###
##.........## ##.......##
#########


You could see the friendly Nikki the knight, a steam dragon and 2 spriggans.

Vanquished Creatures
  A two-headed ogre (Bailey)
  Grinder (D:5)
  Sigmund (D:5)
  2 spriggans (Bailey)
  An ice beast (D:6)
  2 ogres
  A scorpion (D:6)
  A howler monkey (D:5)
  A bombardier beetle (D:6)
  3 hounds
  3 jellies
  An orc priest (D:6)
  A sleepcap (D:6)
  2 iguanas
  An orc wizard (D:2)
  4 gnolls (D:4)
  5 adders
  An ufetubus (D:6)
  2 dart slugs (D:4)
  A ribbon worm (D:2)
  17 orcs
  7 endoplasms
  2 giant cockroaches
  6 goblins
  5 hobgoblins
  11 jackals
  8 kobolds
  4 quokkas
  8 ball pythons
  6 bats
  2 frilled lizards
  6 rats
117 creatures vanquished.

Vanquished Creatures (collateral kills)
  A spriggan (Bailey)
  3 ogres (Bailey)
  A bullfrog (D:6)
  A hound (D:6)
  An orc priest (D:6)
  A sleepcap (D:6)
  An adder (D:6)
  An ufetubus (D:6)
  2 orcs (D:6)
12 creatures vanquished.

Vanquished Creatures (others)
  An ancestor (D:5)
1 creature vanquished.

Grand Total: 130 creatures vanquished

Notes
Turn   | Place    | Note
-------+----------+-------------------------------------------
     0 | D:1      | porpoise the Human Hunter began the quest for the Orb.
     0 | D:1      | Reached XP level 1. HP: 16/16 MP: 1/1
   152 | D:1      | Reached XP level 2. HP: 22/22 MP: 2/2
   693 | D:2      | Reached XP level 3. HP: 21/28 MP: 3/3
   802 | D:2      | Reached skill level 5 in Ranged Weapons
   860 | D:2      | Reached XP level 4. HP: 34/34 MP: 4/4
   995 | D:2      | Found the +1 Delatra's gloves {ID++}
  1330 | D:3      | Reached XP level 5. HP: 41/41 MP: 5/5
  1717 | D:3      | Found an ancient bone altar of Kikubaaqudgha.
  1810 | D:3      | Found Niteus's Assorted Antiques.
  1822 | D:3      | Bought a metallic amethyst potion for 18 gold pieces
  1822 | D:3      | Bought a scroll labelled DYOVVY FOYLAOX for 21 gold pieces
  1822 | D:3      | Bought a scroll labelled MACVEH MELODAY for 21 gold pieces
  1822 | D:3      | Bought a fuming dark potion for 18 gold pieces
  1953 | D:3      | Bought a fuming dark potion for 18 gold pieces
  1953 | D:3      | Bought a fuming dark potion for 18 gold pieces
  1990 | D:3      | Found a faded altar of an unknown god.
  2158 | D:4      | Reached skill level 6 in Ranged Weapons
  2265 | D:4      | Got the Octavo of Alpine Signs
  2329 | D:4      | Found a staircase to the Ecumenical Temple.
  2369 | Temple   | Found a transporter.
  2369 | Temple   | Found a transporter.
  2369 | Temple   | Found a transporter.
  2369 | Temple   | Found a transporter.
  2369 | Temple   | Entered the Ecumenical Temple
  2385 | Temple   | Became a worshipper of Hepliaklqana the Forgotten
  2576 | D:4      | Reached XP level 6. HP: 44/48 MP: 6/6
  3022 | D:5      | Entered Level 5 of the Dungeon
  3035 | D:5      | Noticed Sigmund
  3057 | D:5      | Killed Sigmund
  3058 | D:5      | Reached skill level 7 in Ranged Weapons
  3058 | D:5      | Reached XP level 7. HP: 46/55 MP: 7/7
  3217 | D:5      | Reached * piety under Hepliaklqana
  3585 | D:5      | Noticed Grinder
  3595 | D:5      | Killed Grinder
  3596 | D:5      | Reached skill level 5 in Fighting
  3596 | D:5      | Reached skill level 8 in Ranged Weapons
  3844 | D:6      | Reached XP level 8. HP: 55/55 MP: 8/8
  4156 | D:6      | Reached ** piety under Hepliaklqana
  4157 | D:6      | Remembered your ancestor Nikki as a knight
  4214 | D:6      | Reached skill level 9 in Ranged Weapons
  4540 | D:6      | Found an ornate altar of the Wu Jian Council.
  4540 | D:6      | Found a blossoming altar of Fedhas.
  4544 | D:6      | Identified the +8 dagger of the Spinneret {flame, +Blink
                  | Fly Str-2 Int+5}
  4547 | D:6      | Found a faded altar of an unknown god.
  4549 | D:6      | Found a faded altar of an unknown god.
  4550 | D:6      | Found an opulent altar of Gozag.
  4680 | D:7      | Found a flagged portal.
  4685 | D:7      | Identified the +9 halberd "Cishosk" {flame, Will+ Str+2}
  4689 | Bailey   | Entered a bailey
  4731 | Bailey   | Noticed a spriggan
  4739 | Bailey   | Killed a spriggan
  4740 | Bailey   | Reached skill level 10 in Ranged Weapons
  4740 | Bailey   | Reached XP level 9. HP: 53/63 MP: 9/9
  4743 | Bailey   | Noticed a two-headed ogre
  4747 | Bailey   | Killed a two-headed ogre
  4748 | Bailey   | Reached skill level 11 in Ranged Weapons
  4901 | Bailey   | Slain by a spriggan

Illustrated notes

Levels and vault maps discovered:
D:1:      dpeg_arrival_solitude, layout_basic
D:2:      layout_basic, pf_guarded_unrand_delatra
D:3:      layout_rooms, kiku_gazebo_pond_becter, serial_shops, shop,
          chequers_ecumenical_altar_lobes
D:4:      layout_basic, temple_hall
D:5:      layout_loops_cross, uniq_grinder, uniq_sigmund
D:6:      layout_basic, chequers_temple_overflow_minitemple, serial_curves,
          eino_curves_02, eino_curves_02, minmay_tree_intersection
D:7:      layout_loops_ring, tgw_trog, enter_bailey_2, serial_shops, shop,
          uniq_crazy_yiuf_cottage, uniq_pikel, uniq_prince_ribbit1
Temple:   hellmonk_temple_divided_pantheon
Bailey:   bailey_polearm_enchanted_keep_hellmonk, bailey

Skill      XL: |  1  2  3  4  5  6  7  8  9 |
---------------+----------------------------+-----
Ranged Weapons | 5 6 7 8 10 11 | 11.8
Fighting       | 3 4 5 6 7 |  7.0
Dodging        | |  2.0
Stealth        | |  1.0

Action                     |  1- 3 |  4- 6 |  7- 9 || total
---------------------------+-------+-------+-------++-------
  Melee: Shortbow          |       |     5 |       ||     5
         Halberd           |       |       |    15 ||    15
   Fire: Shortbow          |    86 |   225 |   155 ||   466
 Invoke: Ancestor Identity |       |       |     2 ||     2
         Ancestor Life: Kn |       |       |     1 ||     1
    Use: Scroll            |       |     2 |     2 ||     4
         Potion            |       |     2 |     1 ||     3
 Armour: Leather armour    |     8 |    86 |    38 ||   132
         Skin              |       |       |    12 ||    12
  Dodge: Dodged            |    11 |    59 |    24 ||    94

Table legend: (Time is in decaauts)
 A = Elapsed time spent in this place.
 B = Non-inter-level travel time spent in this place.
 C = Inter-level travel time spent in this place.
 D = Time resting spent in this place.
 E = Time spent auto-exploring this place.
 F = Levels seen in this place.
 G = Mean time per level.
                   A        B        C        D        E       F      G
               +--------+--------+--------+--------+--------+-----+--------+
         Total |   4964 |   4767 |    197 |    538 |   3254 |   9 |  551.6 |
       Dungeon |   4708 |   4512 |    196 |    470 |   3168 |   7 |  672.6 |
        Temple |     34 |     34 |      0 |      0 |      0 |   1 |   34.0 |
        Bailey |    222 |    222 |      0 |     68 |     86 |   1 |  222.0 |
               +--------+--------+--------+--------+--------+-----+--------+

Top non-repeatable levels by time:
     D:4: 929 daAuts
     D:5: 822 daAuts
     D:6: 818 daAuts
     D:3: 769 daAuts
     D:2: 677 daAuts
     D:1: 661 daAuts
  Bailey: 222 daAuts
  Temple: 34 daAuts
     D:7: 28 daAuts
